 Dungeon Crawl Stone Soup version 0.30-a0-989-g0d87f670db (webtiles) character file.

Game seed: 1203094371881954667

176 retardedninja the Chopper (level 5, -2/50 HPs)
             Began as a Naga Fighter on Apr 3, 2023.
             Slain by a gnoll
             ... wielding a +0 halberd
              (7 damage)
             ... on level 4 of the Dungeon.
             The game lasted 00:02:53 (3034 turns).

retardedninja the Chopper (Naga Fighter)            Turns: 3034, Time: 00:02:54

Health: -2/50      AC:  6    Str: 20    XL:     5   Next: 56%
Magic:  5/5        EV:  5    Int:  9    God:
Gold:   250        SH:  4    Dex: 10    Spells: 4/4 levels left

rFire   . . .      SeeInvis +    a - +0 war axe
rCold   . . .      Faith    .    c - +0 buckler
rNeg    . . .      Spirit   .    q - +0 chain mail
rPois   +          Reflect  .    (no helmet)
rElec   .          Rampage  .    (no cloak)
rCorr   .                        (no gloves)
Will    .....                    (no barding) Stlth
                                 (no amulet)
HPRegen 0.28/turn                (no ring)
MPRegen 0.09/turn                (no ring)

@: very slow
A: AC +1, large, see invisible, deformed body, poison resistance, slowness 2,
spit poison 1, naga tail 1
a: Spit Poison


You were on level 4 of the Dungeon.
You visited 1 branch of the dungeon, and saw 4 of its levels.

You collected 250 gold pieces.

Inventory:

Hand Weapons
 a - a +0 war axe (weapon)
Armour
 c - a +0 buckler (worn)
 q - a +0 chain mail (worn)
 u - a +0 cloak
Scrolls
 f - a scroll of brand weapon {unknown}
 g - 2 scrolls of identify {unknown}
 i - a scroll of amnesia {unknown}
 j - 2 scrolls of vulnerability {unknown}
 k - 3 scrolls of teleportation {unknown}
 l - a scroll of enchant armour {unknown}
 m - a scroll of magic mapping {unknown}
 p - a scroll of noise {unknown}
 t - a scroll of enchant weapon {unknown}
 v - a scroll of fog {unknown}
Potions
 b - 2 potions of resistance {unknown}
 d - 2 potions of might
 e - a potion of flight {unknown}
 h - a potion of brilliance {unknown}
 n - 3 potions of heal wounds {unknown}
 o - 3 potions of curing {unknown}
 r - a potion of lignification {unknown}
 s - a potion of invisibility {unknown}


   Skills:
 + Level 3.7 Fighting
 * Level 3.8 Axes
 + Level 3.1 Armour
 + Level 3.4 Shields


You had 4 spell levels left.
You didn't know any spells.
Your spell library contained the following spells:

 Spells                   Type           Power      Damage    Failure   Level
 Animate Armour           Summ/Erth      0%         N/A       100%        4
 Blade Hands              Tmut           0%         N/A       100%        5
 Iron Shot                Conj/Erth      0%         9d1       100%        6


Dungeon Overview and Level Annotations

Branches:
Dungeon (4/15)
 Temple: D:4-7

Altars:

Annotations:
D:4 1 runed translucent door, Crazy Yiuf


Innate Abilities, Weirdness & Mutations

Your serpentine skin is tough. (AC +1)
You have supernaturally acute eyesight. (SInv)
Armour fits poorly on your strangely shaped body.
Your system is resistant to poisons. (rPois)
You cover ground very slowly.
You can spit poison.
You have a snake-like lower body.


Message History

You open the door.
There is an open door here. 3 gnolls come into view.
Found a stone staircase leading down.
The gnoll shouts! x3
Found a sling.
The gnoll hits you with a +0 halberd! You block the gnoll's attack.
The gnoll hits you from afar with a +0 spear.
There are monsters nearby!
You barely miss the gnoll. The gnoll barely misses you.
The gnoll hits you from afar with a +0 spear.
There are monsters nearby!
You are too injured to fight recklessly!
There are monsters nearby!
There are monsters nearby!
You are too injured to fight recklessly!
There are monsters nearby!
You are too injured to fight recklessly!
There are monsters nearby!
You are too injured to fight recklessly!
There are monsters nearby!
You are too injured to fight recklessly!
You are too injured to fight recklessly!
Unknown command.
You are too injured to fight recklessly!
You barely miss the gnoll. You hit the gnoll but do no damage.
The gnoll hits you with a +0 halberd!
The gnoll hits you from afar with a +0 spear!
The gnoll barely misses you.
You slash the gnoll!
The gnoll is severely wounded.
You hit the gnoll. The gnoll closely misses you.
The gnoll hits you from afar with a +0 spear.
The gnoll hits you with a +0 club.
* * * LOW HITPOINT WARNING * * *
The gnoll hits you with a +0 halberd!
* * * LOW HITPOINT WARNING * * *
You block the gnoll's attack. x2
The gnoll hits you from afar with a +0 halberd!
You die...

+.........#...#......<
#....
#.........#...'.......
#....
#.........#...####+####
#....
#.........#...##......#
#####
#.........#....#......##
.
#.........#....'........
.
#.........#....#........
.
#.........#...#.........
.
#.........#####@########
. #..g....^# .
#.gg.....+ . #.......>#
. #........# .
#.?......# #..$.....#
#........+ #......).#


You could see 3 gnolls.

Vanquished Creatures
  A howler monkey (D:4)
  An orc wizard (D:3)
  3 adders
  A worm (D:3)
  2 dart slugs (D:3)
  7 orcs
  6 endoplasms
  4 giant cockroaches
  4 goblins
  10 hobgoblins
  6 jackals
  2 quokkas
  3 ball pythons
  5 bats
  A frilled lizard (D:2)
  4 kobolds
  4 rats
64 creatures vanquished.

Notes
Turn   | Place    | Note
-------+----------+-------------------------------------------
     0 | D:1      | retardedninja the Naga Fighter began the quest for the Orb.
     0 | D:1      | Reached XP level 1. HP: 21/21 MP: 1/1
   217 | D:1      | Reached XP level 2. HP: 16/28 MP: 2/2
   633 | D:1      | Reached XP level 3. HP: 34/34 MP: 3/3
   914 | D:2      | You fall into a shaft and drop 1 floor!
  1476 | D:2      | Reached XP level 4. HP: 41/42 MP: 4/4
  1591 | D:3      | Identified the +1 leather armour of Janich {Will+ rCorr
                  | MP-9 Dex+3}
  1731 | D:3      | Reached XP level 5. HP: 19/49 MP: 5/5
  2871 | D:4      | Found a runed translucent door.
  2871 | D:4      | Noticed Crazy Yiuf
  3034 | D:4      | Slain by a gnoll

Illustrated notes

Levels and vault maps discovered:
D:1:      shiori_arrival_elements, layout_basic
D:2:      layout_basic
D:3:      layout_rooms
D:4:      layout_gridville, grunt_tough_drop, uniq_crazy_yiuf_cottage

Skill      XL: |  1  2  3  4 |
---------------+-------------+-----
Shields        | 3 |  3.4
Axes           | 3 |  3.8
Armour         | 3 |  3.1
Fighting       | |  3.7

Action                     |  1- 3 |  4- 6 || total
---------------------------+-------+-------++-------
  Melee: War axe           |   122 |    86 ||   208
 Armour: Scale mail        |    42 |       ||    42
         Chain mail        |     9 |    59 ||    68
  Dodge: Dodged            |    64 |    29 ||    93
  Block: Buckler           |    27 |    15 ||    42

Table legend: (Time is in decaauts)
 A = Elapsed time spent in this place.
 B = Non-inter-level travel time spent in this place.
 C = Inter-level travel time spent in this place.
 D = Time resting spent in this place.
 E = Time spent auto-exploring this place.
 F = Levels seen in this place.
 G = Mean time per level.
                   A        B        C        D        E       F      G
               +--------+--------+--------+--------+--------+-----+--------+
         Total |   3895 |   3776 |    119 |    623 |   2576 |   4 |  973.8 |
       Dungeon |   3895 |   3776 |    119 |    623 |   2576 |   4 |  973.8 |
               +--------+--------+--------+--------+--------+-----+--------+

Top non-repeatable levels by time:
     D:1: 1203 daAuts
     D:3: 1145 daAuts
     D:2: 883 daAuts
     D:4: 662 daAuts
